 Dungeon Crawl Stone Soup version 0.31-a0-7-g51783674b7 (webtiles) character file.

Game seed: 11579773918219508548

11123 BlueFish the Stinger (level 11, -6/89 HPs)
             Began as a Green Draconian Conjurer on May 5, 2023.
             Mangled by an orc knight
             ... wielding a +0 broad axe
              (24 damage)
             ... in a bailey.
             The game lasted 00:19:50 (8682 turns).

BlueFish the Stinger (Green Draconian Conjurer)     Turns: 8682, Time: 00:19:50

Health: -6/89      AC: 11    Str: 10    XL:     11   Next: 45%
Magic:  13/19      EV: 14    Int: 23    God:
Gold:   292        SH:  0    Dex: 15    Spells: 13/21 levels left

rFire   . . .        n - +2 dagger (venom)
rCold   . . .        (no shield)
rNeg    . . .        (body armour unavailable)
rPois   +            (helmet restricted)
rElec   .            h - +0 cloak
rCorr   .            y - +2 pair of gloves
SInv    .            (no boots)
Will    .....        (no amulet)
Stlth   +++          i - +6 ring of dexterity
HPRegen 0.34/turn    x - ring of wizardry
MPRegen 0.16/turn

%: wizardry (x1)
@: short of breath
A: breathe noxious fumes, AC +7, unfitting armour, poison resistance,
cold-blooded
a: Breathe Noxious Fumes


You were in a bailey.
You visited 1 branch of the dungeon, and saw 7 of its levels.
You also visited: Bailey.

You collected 486 gold pieces.
You spent 194 gold pieces at shops.

Inventory:

Hand Weapons
 e - a +0 club
 f - a +0 sling
 g - a +0 dagger
 n - a +2 dagger of venom (weapon)
Armour
 d - a +0 kite shield
 h - a +0 cloak (worn)
 y - a +2 pair of gloves (worn)
Jewellery
 i - a +6 ring of dexterity (left hand)
 x - a ring of wizardry (right hand)
Wands
 q - a wand of iceblast (4)
 B - a wand of polymorph (5)
Scrolls
 b - 4 scrolls of immolation
 j - 4 scrolls of teleportation
 l - a scroll of enchant armour
 m - a scroll of fear
 o - a scroll of silence {unknown}
 p - a scroll of poison
 r - a scroll of amnesia {unknown}
 s - 3 scrolls of enchant weapon {unknown}
 t - 2 scrolls of fog
 v - a scroll of blinking {unknown}
 w - a scroll of magic mapping {unknown}
Potions
 a - 3 potions of magic
 k - 5 potions of curing
 u - 4 potions of mutation
 z - 3 potions of cancellation
 A - a potion of degeneration {unknown}
 C - a potion of might


   Skills:
 + Level 6.1 Fighting
 + Level 5.0 Short Blades
 + Level 5.4 Dodging
 + Level 5.8 Stealth
 + Level 4.8 Shields
 + Level 5.5 Spellcasting
 + Level 7.0 Conjurations
 + Level 4.6 Necromancy
 + Level 4.4 Air Magic
 * Level 7.8 Poison Magic
 + Level 5.1 Evocations


You had 13 spell levels left.
You knew the following spells:

 Your Spells              Type           Power      Damage    Failure   Level
a - Magic Dart            Conj           100%       1d8       1%          1
b - Searing Ray           Conj           76%        2d7       1%          2
c - Dazzling Flash        Conj/Hex       44%        N/A       2%          3
d - Cigotuvi's Dreadful   Necr/Pois/Air  64%        N/A       1%          2

Your spell library contained the following spells:

 Spells                   Type           Power      Damage    Failure   Level
 Ignite Poison            Fire/Tmut/Pois 18%        N/A       4%          3
 Fulminant Prism          Conj/Hex       11%        3d8       9%          4
 Iskenderun's Mystic Bla  Conj/Tloc      22%        2d6       9%          4
 Gell's Gravitas          Tloc           6%         N/A       11%         3
 Teleport Other           Tloc           6%         N/A       11%         3
 Freezing Cloud           Conj/Ice/Air   11%        6-21      21%         5
 Dispersal                Tloc           3%         N/A       99%         6


Dungeon Overview and Level Annotations

Branches:
Dungeon (7/15)             Bailey (1/1)
 Temple: D:4-7

Altars:
Hepliaklqana
Makhleb
Zin

Shops:
D:6 [(   D:7 *


Innate Abilities, Weirdness & Mutations

You can breathe blasts of noxious fumes.
Your lurid green scales are hard. (AC +7)
You cannot fit into any form of body armour.
Your system is resistant to poisons. (rPois)
You are cold-blooded and may be slowed by cold attacks.


Message History

You hit the orc knight.
The orc knight is poisoned.
Your tail-slap misses the orc knight.
The orc knight is moderately wounded.
The orc knight barely misses you.
You hit the orc knight but do no damage.
The orc knight looks even sicker.
Your tail-slap misses the orc knight.
The orc knight is moderately wounded.
The orc knight hits you with a +0 broad axe.
You barely miss the orc knight.
The orc knight is moderately wounded.
The orc knight barely misses you.
You hit the orc knight but do no damage.
The orc knight looks as sick as possible!
The orc knight is moderately wounded.
You hit the orc knight but do no damage.
The orc knight looks as sick as possible!
You tail-slap the orc knight, but do no damage.
The orc knight is moderately wounded.
The orc knight hits you with a +0 broad axe!
* * * LOW HITPOINT WARNING * * *
Aiming: Iceblast
Press: ? - help, Shift-Dir - straight line, f/p - orc knight
Aim: an orc knight, wielding a +0 broad axe and wearing a +0 ring mail (moderately wounded, extremely poisoned)
Okay, then.
Aiming: Polymorph
Press: ? - help, Shift-Dir - straight line, f/p - orc knight
Aim: an orc knight, wielding a +0 broad axe and wearing a +0 ring mail (moderately wounded, extremely poisoned, will become a glowing shapeshifter, a fire crab, or a skyshark, chance to affect: 42%)
Okay, then.
You feel more experienced!
Your Fighting skill increases to level 6!
Your Short Blades skill increases to level 5!
Your Dodging skill increases to level 5!
Your Conjurations skill increases to level 7!
Your Necromancy skill increases to level 4!
Your Air Magic skill increases to level 4!
Your Poison Magic skill increases to level 7!
Your Evocations skill increases to level 5!
You have reached level 11!
The orc knight hits you with a +0 broad axe!!
You die...

...### ###.....###
.....###.........##
...)..#...........#
......))))))......#
⌠.....#.)...⌠.....#
......#..)........#
......#...........#
.....###.......).###
...###
###.....#@#.### .###
.###.###o....### ##
.. ###...).....## #
... #8..........# #
....#8..........# #
....'.....⌠....∩# #
....#8..........# #
...##8..........# #
... ##.........##


You could see an orc knight (extremely poisoned).

Vanquished Creatures
  An orc warlord (Bailey)
  An orc knight (Bailey)
  Joseph (D:7)
  A kobold demonologist (D:7)
  Grinder (D:6)
  5 yaks (D:6)
  Eustachio (D:6)
  A water moccasin (D:5)
  3 ice beasts
  13 orc warriors
  A sky beast (D:7)
  3 ogres
  A kobold brigand (D:7)
  2 scorpions
  Crazy Yiuf (D:5)
  2 hounds
  A jelly (D:5)
  Jessica (D:3)
  An iguana (D:6)
  A sleepcap (D:6)
  Natasha (D:3)
  3 orc wizards
  Robin (D:4)
  6 gnolls
  6 adders
  A white imp (D:7)
  A worm (D:4)
  2 dart slugs (D:1)
  30 orcs
  4 bats
  5 endoplasms
  3 giant cockroaches
  35 goblins
  19 hobgoblins
  2 jackals (D:2)
  3 quokkas
  6 ball pythons
  3 frilled lizards
  7 kobolds
  10 rats
190 creatures vanquished.

Vanquished Creatures (others)
  A fungus (D:5)
1 creature vanquished.

Grand Total: 191 creatures vanquished

Notes
Turn   | Place    | Note
-------+----------+-------------------------------------------
     0 | D:1      | BlueFish the Draconian Conjurer began the quest for the
                  | Orb.
     0 | D:1      | Reached XP level 1. HP: 14/14 MP: 3/3
   315 | D:1      | Reached XP level 2. HP: 22/22 MP: 3/5
   388 | D:1      | Learned a level 2 spell: Searing Ray
   832 | D:1      | Reached skill level 1 in Fighting
  1183 | D:1      | Reached XP level 3. HP: 28/28 MP: 4/6
  1760 | D:2      | Learned a level 3 spell: Dazzling Flash
  2491 | D:3      | Noticed Jessica
  2496 | D:3      | Killed Jessica
  2497 | D:3      | Reached XP level 4. HP: 36/36 MP: 0/7
  2811 | D:3      | Noticed Natasha
  2815 | D:3      | Killed Natasha
  2871 | D:3      | Noticed an ogre
  2874 | D:3      | Killed an ogre
  2875 | D:3      | Reached skill level 1 in Evocations
  2875 | D:3      | Reached XP level 5. HP: 42/42 MP: 6/9
  3494 | D:4      | Noticed an ogre
  3499 | D:4      | Killed an ogre
  3500 | D:4      | Reached XP level 6. HP: 50/50 MP: 3/10
  3670 | D:4      | Reached skill level 1 in Shields
  3789 | D:4      | Noticed Robin
  3812 | D:4      | Killed Robin
  3978 | D:4      | Reached skill level 1 in Short Blades
  4108 | D:4      | Found a burning altar of Makhleb.
  4274 | D:5      | Entered Level 5 of the Dungeon
  4274 | D:5      | Noticed a water moccasin
  4343 | D:5      | Noticed an ice beast
  4351 | D:5      | Killed an ice beast
  4352 | D:5      | Reached skill level 5 in Conjurations
  4352 | D:5      | Your scales start taking on a lurid green colour.
  4352 | D:5      | Reached XP level 7. HP: 49/57 MP: 2/12
  4352 | D:5      | Gained mutation: Your system is resistant to poisons.
                  | (rPois) [Green Draconian growth]
  4615 | D:5      | Learned a level 2 spell: Cigotuvi's Dreadful Rot
  4938 | D:5      | Reached skill level 1 in Poison Magic
  5201 | D:5      | Identified the +5 hammer of Dishonour {holy, rC- Str+9
                  | Int+4 Stlth-}
  5203 | D:5      | Found a runed translucent door.
  5204 | D:5      | Noticed Crazy Yiuf
  5212 | D:5      | Killed Crazy Yiuf
  5645 | D:6      | Found Kugh's Weapon Emporium.
  5654 | D:6      | Reached skill level 1 in Necromancy
  5654 | D:6      | Reached skill level 1 in Air Magic
  5654 | D:6      | Reached XP level 8. HP: 56/60 MP: 5/13
  5762 | D:6      | Noticed Eustachio
  5769 | D:6      | Killed Eustachio
  6041 | D:6      | Found Pohyerab's Antique Armour Shop.
  6045 | D:6      | Bought a pair of glowing gloves for 187 gold pieces
  6058 | D:6      | Found a hazy altar of Hepliaklqana.
  6088 | D:6      | Noticed Grinder
  6099 | D:6      | Paralysed by Grinder for 5 turns
  6108 | D:6      | Paralysed by Grinder for 3 turns
  6112 | D:6      | Killed Grinder
  6321 | D:6      | Found a glowing silver altar of Zin.
  6487 | D:6      | Reached XP level 9. HP: 67/71 MP: 3/15
  7041 | D:7      | Noticed a kobold demonologist
  7050 | D:7      | Killed a kobold demonologist
  7051 | D:7      | Found Ujac's CLEARANCE SALE!.
  7057 | D:7      | Bought a wand of polymorph (5) for 7 gold pieces
  7287 | D:7      | Noticed Joseph
  7309 | D:7      | Killed Joseph
  7310 | D:7      | Reached skill level 5 in Poison Magic
  7427 | D:7      | Found a flagged portal.
  7443 | Bailey   | Entered a bailey
  7514 | Bailey   | Noticed an orc knight
  7555 | Bailey   | Killed an orc knight
  7828 | Bailey   | Reached XP level 10. HP: 75/80 MP: 14/17
  7943 | Bailey   | Reached skill level 5 in Fighting
  7977 | Bailey   | Reached skill level 5 in Stealth
  8045 | Bailey   | Noticed an orc warlord
  8265 | Bailey   | Killed an orc warlord
  8449 | Bailey   | Reached skill level 5 in Spellcasting
  8661 | Bailey   | Noticed an orc knight
  8682 | Bailey   | Reached skill level 5 in Short Blades
  8682 | Bailey   | Reached skill level 5 in Dodging
  8682 | Bailey   | Reached skill level 5 in Evocations
  8682 | Bailey   | Reached XP level 11. HP: 18/89 MP: 12/19
  8682 | Bailey   | Mangled by an orc knight

Illustrated notes

Levels and vault maps discovered:
D:1:      amcnicky_arrival_underground_garden, layout_basic
D:2:      layout_basic
D:3:      layout_loops_cross, uniq_natasha, uniq_jessica
D:4:      layout_loops_ring, mainiacjoe_overflow_alcove_4, uniq_robin
D:5:      layout_gridville, kennysheep_small_circle, uniq_crazy_yiuf_cottage
D:6:      layout_gridville, overflow_temple_1_default, lemuel_round_altar,
          serial_shops, nicolae_shop_getting_attention,
          nicolae_shop_pleasant_corner_grove, minmay_misc_feat_x,
          uniq_eustachio, uniq_grinder
D:7:      layout_basic, minmay_temple_entry_enclosed_plants, enter_bailey_5,
          nicolae_shop_clearance, uniq_joseph
Bailey:   bailey_axe_minmay_hex_keep, bailey

Skill      XL: |  1  2  3  4  5  6  7  8  9 10 |
---------------+-------------------------------+-----
Stealth        | 2 3 4 5 |  5.8
Dodging        | 2 3 4 5 |  5.4
Fighting       | 1 2 3 4 6 |  6.1
Evocations     | 1 2 3 4 5 |  5.1
Spellcasting   | 3 4 5 |  5.5
Shields        | 1 2 3 4 |  4.8
Short Blades   | 1 2 3 5 |  5.0
Conjurations   | 5 6 7 |  7.0
Poison Magic   | 1 4 5 7 |  7.8
Necromancy     | 1 2 3 4 |  4.6
Air Magic      | 1 2 3 4 |  4.4

Action                     |  1- 3 |  4- 6 |  7- 9 | 10-12 || total
---------------------------+-------+-------+-------+-------++-------
  Melee: Unarmed           |    42 |       |       |       ||    42
         Tailslap          |     5 |     4 |    36 |     8 ||    53
         Punch             |     1 |       |     2 |     1 ||     4
         Dagger            |     9 |    29 |   168 |    59 ||   265
   Cast: Magic Dart        |    86 |    45 |    50 |    27 ||   208
         Searing Ray       |     1 |    11 |    34 |    10 ||    56
         Cigotuvi's Dreadf |       |       |     1 |       ||     1
         Dazzling Flash    |       |       |       |     4 ||     4
Ability: Breathe Noxious F |       |       |    19 |     6 ||    25
  Evoke: Wand              |       |     2 |       |     1 ||     3
    Use: Scroll            |       |     5 |     5 |     1 ||    11
         Potion            |       |       |       |     2 ||     2
   Stab: Confused          |       |       |     6 |     2 ||     8
         Sleeping          |       |       |     1 |       ||     1
 Armour: Skin              |    15 |     9 |    61 |    10 ||    95
  Dodge: Dodged            |    32 |    21 |    89 |    26 ||   168

Table legend: (Time is in decaauts)
 A = Elapsed time spent in this place.
 B = Non-inter-level travel time spent in this place.
 C = Inter-level travel time spent in this place.
 D = Time resting spent in this place.
 E = Time spent auto-exploring this place.
 F = Levels seen in this place.
 G = Mean time per level.
                   A        B        C        D        E       F      G
               +--------+--------+--------+--------+--------+-----+--------+
         Total |   8640 |   8252 |    388 |     43 |   6700 |   8 | 1080.0 |
       Dungeon |   7419 |   7031 |    388 |     41 |   5792 |   7 | 1059.9 |
        Bailey |   1220 |   1220 |      0 |      2 |    908 |   1 | 1220.0 |
               +--------+--------+--------+--------+--------+-----+--------+

Top non-repeatable levels by time:
     D:1: 1448 daAuts
     D:6: 1347 daAuts
     D:5: 1300 daAuts
     D:4: 1264 daAuts
  Bailey: 1220 daAuts
     D:3: 913 daAuts
     D:2: 713 daAuts
     D:7: 432 daAuts
